 Dungeon Crawl Stone Soup version 0.30-a0-263-ge22c4ad894 (webtiles) character file.

Game seed: 9986426339117296359

118 BigDaddyOpFi the Poker (level 5, 0/42 HPs)
             Began as a Merfolk Berserker on Oct 13, 2022.
             Was a Believer of Trog.
             Killed from afar by Natasha (8 damage)
             ... with a magic dart
             ... on level 2 of the Dungeon.
             The game lasted 00:02:36 (1342 turns).

BigDaddyOpFi the Poker (Merfolk Berserker)          Turns: 1342, Time: 00:02:36

Health: 0/42       AC:  9    Str: 19    XL:     5   Next: 2%
Magic:  5/5        EV: 12    Int:  6    God:    Trog [**....]
Gold:   57         SH:  0    Dex: 14    Spells: 4/4 levels left

rFire   . . .      SeeInvis .    a - +0 spear
rCold   . . .      Faith    .    (no shield)
rNeg    . . .      Spirit   .    e - +0 chain mail
rPois   .          Reflect  .    (no helmet)
rElec   .          Harm     .    (no cloak)
rCorr   .          Rampage  .    (no gloves)
Will    .....                    d - +0 pair of boots
Stlth   ..........               (no amulet)
HPRegen 0.27/turn                g - +4 ring of evasion
MPRegen 0.09/turn                (no ring)

@: slowed, very slow
A: (nimble swimmer 2), mertail
a: Renounce Religion, Berserk, Trog's Hand


You were on level 2 of the Dungeon.
You worshipped Trog.
Trog was pleased with you.
You visited 1 branch of the dungeon, and saw 2 of its levels.

You collected 57 gold pieces.

Inventory:

Hand Weapons
 a - a +0 spear (weapon)
Armour
 b - a +0 animal skin
 d - a +0 pair of boots (worn)
 e - a +0 chain mail (worn)
Jewellery
 g - a +4 ring of evasion (left hand)
Scrolls
 c - a scroll of silence {unknown}
 h - a scroll of blinking {unknown}
 i - 2 scrolls of poison {unknown}
Potions
 f - 2 potions of brilliance
 j - 2 potions of berserk rage {unknown}


   Skills:
 + Level 4.1 Fighting
 + Level 5.1 Polearms
 + Level 2.1 Armour
 + Level 4.1 Dodging


You had 4 spell levels left.
You didn't know any spells.
Your spell library was empty.

Dungeon Overview and Level Annotations

Branches:
Dungeon (2/15)

Altars:

Annotations:
D:2 Natasha


Innate Abilities, Weirdness & Mutations

((You are very nimble when in or above water. (Stealth+, EV+, Speed+++)))
Your lower body shifts to a powerful aquatic tail in water.


Message History

There is a strange disturbance nearby!
There is a strange disturbance nearby!
No target in view!
No target in view!
No target in view!
No target in view!
A magic dart appears from out of thin air!
The magic dart hits you!
Something tries to affect you, but you resist.
A rat comes into view.
Something claws you but does no damage. The rat bites you but does no damage.
You hear some strange, mumbled words.
You feel yourself slow down.
You hit the rat.
The rat is heavily wounded.
The rat bites you. Something claws you!
You hit the rat.
You kill the rat!
Trog accepts your kill. Something claws you!
Something claws you but does no damage.
You hear some strange, mumbled words.
Something tries to affect you, but you resist.
You see here a rat corpse.
Unknown command.
Something claws you.
You hear some strange, mumbled words.
A magic dart appears from out of thin air!
The magic dart hits you. Something claws you but does no damage.
You hit something.
You hear some strange, mumbled words.
Something tries to affect you, but you resist.
You miss something. Something claws you.
* * * LOW HITPOINT WARNING * * *
You closely miss something.
You hear some strange, mumbled words.
A magic dart appears from out of thin air!
The magic dart hits you!
You die...

...# #..#.
#......... ...#
#.##.##.#+######
...# #.##..#.#.#
.#.# # #.###.....#
...#
#'#######......##.#
#.......
...............?..#
#.##...
........!......##.#
.# ##
#......{......##.#
.#
#.....@.†.........
#
#.............##.#
#...........?.# ..
#.............#
#.............#
#.............#
#.............#
###############


There were no monsters in sight!

Vanquished Creatures
  Natasha (twice) (D:2)
  3 adders (D:2)
  A worm (D:2)
  A dart slug (D:1)
  2 endoplasms
  9 goblins
  2 hobgoblins (D:1)
  4 jackals (D:2)
  3 kobolds
  A quokka (D:1)
  2 bats (D:2)
  2 frilled lizards
  4 rats
36 creatures vanquished.

Notes
Turn   | Place    | Note
-------+----------+-------------------------------------------
     0 | D:1      | BigDaddyOpFi the Merfolk Berserker began the quest for the
                  | Orb.
     0 | D:1      | Reached XP level 1. HP: 18/18 MP: 1/1
    61 | D:1      | Found a faded altar of an unknown god.
   192 | D:1      | Reached XP level 2. HP: 19/24 MP: 2/2
   719 | D:2      | Reached XP level 3. HP: 28/30 MP: 3/3
   770 | D:2      | Noticed Natasha
   805 | D:2      | Killed Natasha
   839 | D:2      | Reached XP level 4. HP: 20/37 MP: 4/4
   839 | D:2      | Noticed Natasha
   864 | D:2      | Killed Natasha
   885 | D:2      | Reached ** piety under Trog
  1147 | D:2      | Reached skill level 5 in Polearms
  1246 | D:2      | Reached XP level 5. HP: 42/42 MP: 5/5
  1327 | D:2      | Noticed Natasha
  1342 | D:2      | Killed from afar by Natasha

Illustrated notes

Levels and vault maps discovered:
D:1:      lightli_arrival_statue_moat, layout_loops_cross,
          basic_ecumenical_altar, minmay_misc_feat_rows, minmay_tromino_mix6
D:2:      layout_basic, hangedman_decor_push, minmay_door_square, uniq_natasha

Skill      XL: |  1  2  3  4 |
---------------+-------------+-----
Dodging        | 3 4 |  4.1
Fighting       | 4 |  4.1
Armour         | 2 |  2.1
Polearms       | 5 |  5.1

Action                   |  1- 3 |  4- 6 || total
-------------------------+-------+-------++-------
Melee: Spear             |    80 |    90 ||   170
       Punch             |     2 |       ||     2
  Use: Scroll            |     1 |       ||     1
       Potion            |     3 |       ||     3
 Stab: Sleeping          |     1 |       ||     1
Armor: Animal skin       |     3 |       ||     3
       Chain mail        |    29 |    79 ||   108
Dodge: Dodged            |    17 |    90 ||   107

Table legend: (Time is in decaauts)
 A = Elapsed time spent in this place.
 B = Non-inter-level travel time spent in this place.
 C = Inter-level travel time spent in this place.
 D = Time resting spent in this place.
 E = Time spent auto-exploring this place.
 F = Levels seen in this place.
 G = Mean time per level.
                   A        B        C        D        E       F      G
               +--------+--------+--------+--------+--------+-----+--------+
         Total |   1314 |   1283 |     31 |    177 |    786 |   2 |  657.0 |
       Dungeon |   1314 |   1283 |     31 |    177 |    786 |   2 |  657.0 |
               +--------+--------+--------+--------+--------+-----+--------+

Top non-repeatable levels by time:
     D:1: 674 daAuts
     D:2: 640 daAuts
